 Dungeon Crawl Stone Soup version 0.27-a0-1196-g3e9cee4cb2 (webtiles) character file.

Game seed: 2696830297085315773

174 freelancePsychic the Grave Robber (level 5, -5/45 HPs)
             Began as a Ghoul Necromancer on May 28, 2021.
             Slain by an iguana (7 damage)
             ... on level 5 of the Dungeon.
             The game lasted 00:07:30 (3764 turns).

freelancePsychic the Grave Robber (GhNe)            Turns: 3764, Time: 00:07:31

Health: -5/45      AC:  5    Str: 12    XL:     5   Next: 54%
Magic:  6/6        EV: 10    Int: 11    God:
Gold:   121        SH:  0    Dex:  9    Spells: 3/7 levels left

rFire    . . .     SeeInvis .   g - +0 mace (protect)
rCold    + . .     Faith    .   (no shield)
rNeg     + + +     Spirit   .   e - +0 ring mail
rPois    ∞         Reflect  .   (no helmet)
rElec    .         Harm     .   (no cloak)
rCorr    .         Rampage  .   (no gloves)
Will     .....                  (no boots)
Stlth    +.........             (no amulet)
HPRegen  0.00/turn              (no ring)
MPRegen  0.10/turn              (no ring)

@: no status effects
A: claws 1, cold resistance 1, negative energy resistance 3, inhibited
regeneration, torment resistance 2
a: no special abilities


You were on level 5 of the Dungeon.
You visited 1 branch of the dungeon, and saw 5 of its levels.

You collected 121 gold pieces.

Inventory:

Hand Weapons
 b - a +0 quarterstaff
 g - a +0 mace of protection (weapon)
Armour
 a - a +0 robe
 e - a +0 ring mail (worn)
Jewellery
 j - an amulet of the acrobat
Scrolls
 c - a scroll of enchant armour
 d - a scroll of amnesia
 f - a scroll of teleportation {@r4}
Potions
 h - a potion of ambrosia {unknown}
 i - a potion of heal wounds {unknown}


   Skills:
 + Level 3.3 Fighting
 + Level 2.6 Armour
 - Level 1.9 Dodging
 - Level 2.1 Stealth
 - Level 1.7 Spellcasting
 + Level 4.6 Necromancy


You had 3 spell levels left.
You knew the following spells:

 Your Spells              Type           Power      Damage    Failure   Level
a - Pain                  Necr           44%        1d6       10%         1
b - Vampiric Draining     Necr           5%         2d6       30%         3

Your spell library contained the following spells:

 Spells                   Type           Power      Damage    Failure   Level
 Animate Skeleton         Necr           22%        N/A       10%         1
 Corona                   Hex            0%         N/A       54%         1
 Magic Dart               Conj           0%         1d3       54%         1
 Ensorcelled Hibernation  Hex/Ice        0%         N/A       69%         2
 Searing Ray              Conj           0%         3d3       69%         2
 Confusing Touch          Hex            0%         N/A       89%         3
 Dazzling Flash           Conj/Hex       0%         N/A       89%         3
 Tukima's Dance           Hex            0%         N/A       89%         3
 Animate Dead             Necr           5%         N/A       69%         4
 Agony                    Necr           11%        N/A       95%         5
 Fulminant Prism          Conj/Hex       0%         3d6       100%        4
 Iskenderun's Mystic Bla  Conj/Tloc      0%         2d3       100%        4


Dungeon Overview and Level Annotations

Branches:
Dungeon (6/15)             Temple (0/1) D:6

Altars:
Vehumet

Shops:
D:3 (   D:6 [*=**


Innate Abilities, Weirdness & Mutations

You thrive by killing the living.
You are immune to poison.
You have sharp fingernails.
Your flesh is cold resistant. (rC+)
You are immune to negative energy. (rN+++)
You do not regenerate when monsters are visible.
You are immune to unholy pain and torment.


Message History

The iguana barely misses you.
You hit the iguana.
The iguana is heavily wounded.
The iguana bites you but does no damage.
The iguana bites you.
You closely miss the iguana.
The iguana is heavily wounded.
The iguana barely misses you.
You hit the iguana.
The iguana is severely wounded.
The iguana barely misses you.
You hit the iguana.
The iguana is almost dead.
The iguana bites you!
* * * LOW HITPOINT WARNING * * *
The iguana closely misses you.
You hit the iguana.
The iguana is almost dead.
The iguana bites you.
* * * LOW HITPOINT WARNING * * *
You hit the iguana but do no damage.
The iguana is almost dead.
The iguana barely misses you.
The iguana bites you but does no damage.
You hit the iguana but do no damage.
The iguana is almost dead.
The iguana bites you.
* * * LOW HITPOINT WARNING * * *
You barely miss the iguana.
The iguana is almost dead.
The iguana closely misses you.
You closely miss the iguana.
The iguana is almost dead.
The iguana bites you.
* * * LOW HITPOINT WARNING * * *
The iguana closely misses you.
You barely miss the iguana.
The iguana is almost dead.
The iguana bites you!
You die...

#.# ..#+#+
#.....
#####....
.....<...
........#
......l.#
.......@#
#....#....#
#.# ####.#
##


You could see an iguana.

Vanquished Creatures
  2 wights (D:6)
  A hound (D:6)
  3 adders
  A worm (D:2)
  A dart slug (D:1)
  2 bats (D:1)
  4 endoplasms
  A goblin (D:1)
  3 hobgoblins
  6 jackals (D:1)
  A kobold (D:3)
  3 ball pythons (D:1)
  3 frilled lizards
  7 rats
38 creatures vanquished.

Notes
Turn   | Place    | Note
-------+----------+-------------------------------------------
     0 | D:1      | freelancePsychic the Ghoul Necromancer began the quest for
                  | the Orb.
     0 | D:1      | Reached XP level 1. HP: 14/14 MP: 2/2
   231 | D:1      | Reached skill level 1 in Fighting
   231 | D:1      | Reached XP level 2. HP: 20/23 MP: 3/3
   777 | D:2      | Reached skill level 1 in Armour
  1006 | D:1      | Reached XP level 3. HP: 29/29 MP: 0/4
  1045 | D:1      | You fall into a shaft and drop 1 floor!
  1742 | D:1      | Found a faded altar of an unknown god.
  2890 | D:2      | Learned a level 3 spell: Vampiric Draining
  3192 | D:3      | Found a radiant altar of Vehumet.
  3195 | D:3      | Reached XP level 4. HP: 37/37 MP: 5/5
  3201 | D:3      | Found Ocoer's Weapon Boutique.
  3207 | D:3      | You fall into a shaft and drop 3 floors!
  3249 | D:6      | Found Gocuigyritt's General Store.
  3513 | D:6      | Reached XP level 5. HP: 36/45 MP: 6/6
  3657 | D:6      | Found Potwen's Jewellery Shop.
  3659 | D:6      | Found Saagir's General Store.
  3660 | D:6      | Found Leos's Armour Shop.
  3725 | D:6      | Noticed an ice beast
  3736 | D:6      | Found Jyddusk's Assorted Antiques.
  3753 | D:5      | Entered Level 5 of the Dungeon
  3763 | D:5      | HP: 2/45 [iguana (4)]
  3764 | D:5      | Slain by an iguana

Illustrated notes

Levels and vault maps discovered:
D:1:      amcnicky_arrival_choice, layout_loops_corners,
          ebering_ecumenical_altar_sacrificial
D:2:      layout_basic
D:3:      minmay_angry_zag, layout_basic, overflow_temple_1_default,
          nicolae_overflow_crystal_walls, serial_shops, nicolae_shop_crystal,
          uniq_terence, uniq_robin, uniq_natasha, uniq_ijyb
D:5:      layout_basic, chequers_serial_rivers_micro_e
D:6:      lemuel_ice_spiral_2, layout_basic, marbit_many_paths,
          minmay_temple_entry_slanted, serial_shops, nicolae_shop_trees,
          minmay_shop_grid_forest, hangedman_decor_lopped,
          nicolae_zen_rock_garden

Skill      XL: |  1  2  3  4 |
---------------+-------------+-----
Fighting       | 1 2 3 |  3.3
Armour         | 1 2 |  2.6
Dodging        | |  1.9
Stealth        | |  2.1
Spellcasting   | |  1.7
Necromancy     | |  4.6

Action                   |  1- 3 |  4- 6 || total
-------------------------+-------+-------++-------
Melee: Quarterstaff      |   120 |     7 ||   127
       Unarmed           |     7 |       ||     7
       Mace              |       |    39 ||    39
 Cast: Pain              |    12 |       ||    12
  Use: Scroll            |       |     5 ||     5
 Stab: Sleeping          |     2 |       ||     2
Armor: Ring mail         |    52 |    28 ||    80
       Robe              |     1 |       ||     1
Dodge: Dodged            |    84 |    25 ||   109

Table legend: (Time is in decaauts)
 A = Elapsed time spent in this place.
 B = Non-inter-level travel time spent in this place.
 C = Inter-level travel time spent in this place.
 D = Time resting spent in this place.
 E = Time spent auto-exploring this place.
 F = Levels seen in this place.
 G = Mean time per level.
                   A        B        C        D        E       F      G
               +--------+--------+--------+--------+--------+-----+--------+
         Total |   3817 |   3756 |     61 |    979 |   1885 |   5 |  763.4 |
       Dungeon |   3817 |   3756 |     61 |    979 |   1885 |   5 |  763.4 |
               +--------+--------+--------+--------+--------+-----+--------+

Top non-repeatable levels by time:
     D:2: 2063 daAuts
     D:1: 1118 daAuts
     D:6: 558 daAuts
     D:3: 62 daAuts
     D:5: 14 daAuts
